 Dungeon Crawl Stone Soup version 0.27-a0-988-g25969acef8 (webtiles) character file.

Game seed: 17842192695260382550

3572 tardwrangler69 the Geomancer (level 9, -5/75 HPs)
             Began as a Green Draconian Earth Elementalist on Apr 16, 2021.
             Was an Initiate of Sif Muna.
             Slain by Grum
             ... wielding a -1 halberd
              (21 damage)
             ... on level 8 of the Dungeon.
             The game lasted 00:11:05 (12022 turns).

tardwrangler69 the Geomancer (DrEE)                Turns: 12022, Time: 00:11:05

Health: -5/75      AC: 12    Str: 14    XL:     9   Next: 84%
Magic:  13/16      EV: 13    Int: 19    God:    Sif Muna [......]
Gold:   389        SH:  0    Dex: 11    Spells: 9/18 levels left

rFire    + . .     SeeInvis .   m - +2 whip (vamp)
rCold    . . .     Faith    .   (no shield)
rNeg     . . .     Spirit   .   (armour unavailable)
rPois    +         Reflect  .   (helmet restricted)
rElec    .         Harm     .   r - +0 cloak
rCorr    .         Rampage  .   n - +1 pair of gloves {Str+3}
Will     .....                  g - +1 pair of boots
Stlth    ++........             (no amulet)
HPRegen  0.22/turn              q - ring of protection from fire
MPRegen  0.15/turn              (no ring)

@: no status effects
A: breathe noxious fumes, AC +7, unfitting armour, poison resistance,
cold-blooded
a: Breathe Noxious Fumes, Renounce Religion


You were on level 8 of the Dungeon.
You worshipped Sif Muna.
Sif Muna was noncommittal.
You visited 2 branches of the dungeon, and saw 9 of its levels.

You collected 459 gold pieces.
You spent 70 gold pieces at shops.

Inventory:

Hand Weapons
 m - a +2 vampiric whip (weapon)
Missiles
 a - 8 atropa-tipped darts
Armour
 g - a +1 pair of boots (worn)
 n - a +1 pair of gloves of strength (worn)
 r - a +0 cloak (worn)
Jewellery
 q - a ring of protection from fire (left hand)
 u - a ring of fire
 w - an amulet of reflection
Wands
 c - a wand of iceblast (7)
 j - a wand of flame (22)
Scrolls
 b - a scroll of fog
 d - 2 scrolls of identify
 e - a scroll of amnesia
 h - 2 scrolls of fear
 l - a scroll of blinking
 s - a scroll of immolation {unknown}
 t - a scroll of vulnerability {unknown}
 v - 2 scrolls of enchant armour
Potions
 f - 2 potions of flight {unknown}
 i - 3 potions of curing
 k - a potion of heal wounds
 o - a potion of haste
 p - a potion of mutation
 x - a potion of attraction {unknown}
 z - a potion of brilliance


   Skills:
 + Level 6.2 Fighting
 + Level 5.6 Dodging
 - Level 1.7 Stealth
 - Level 5.0 Spellcasting
 - Level 7.0 Conjurations
 - Level 1.0 Transmutations
 - Level 8.0 Earth Magic


You had 9 spell levels left.
You knew the following spells:

 Your Spells              Type           Power      Damage    Failure   Level
a - Sandblast             Erth           70%        2d15      1%          1
b - Stone Arrow           Conj/Erth      66%        3d11      1%          3
c - Lee's Rapid Deconstr  Erth           17%        3d12*     13%         5

Your spell library contained the following spells:

 Spells                   Type           Power      Damage    Failure   Level
 Magic Dart               Conj           100%       1d8       1%          1
 Passwall                 Tmut/Erth      18%        N/A       3%          2
 Conjure Flame            Conj/Fire      18%        6-21      9%          3
 Mephitic Cloud           Conj/Pois/Air  13%        N/A       14%         3
 Blink                    Tloc           N/A        N/A       19%         2
 Call Imp                 Summ           4%         N/A       19%         2
 Slow                     Hex            4%         N/A       19%         2
 Petrify                  Tmut/Erth      22%        N/A       19%         4


Dungeon Overview and Level Annotations

Branches:
Dungeon (8/15)             Temple (1/1) D:7
   Lair: D:8-11

Altars:
Ashenzari
Cheibriados
Elyvilon
Fedhas
Gozag
Kikubaaqudgha
Makhleb
Nemelex Xobeh
Okawaru
Qazlal
Ru
Sif Muna
Trog
Uskayaw
Vehumet
Wu Jian
Xom
The Shining One

Shops:
D:4 !

Annotations:
D:7 3 runed translucent doors, bjtr's ghost, novice GnCj
D:8 Grum; Harold


Innate Abilities, Weirdness & Mutations

You can breathe blasts of noxious fumes.
Your lurid green scales are hard. (AC +7)
You cannot fit into any form of body armour.
Your system is resistant to poisons. (rPois)
You are cold-blooded and may be slowed by cold attacks.


Message History

You closely miss the wolf.
The wolf is heavily wounded.
The wolf bites you but does no damage. The wolf bites you.
You miss the wolf.
The wolf is heavily wounded.
The wolf bites you but does no damage. The wolf misses you.
You closely miss the wolf.
The wolf is heavily wounded.
The wolf closely misses you. The wolf bites you!
You hit the wolf but do no damage. You tail-slap the wolf.
The wolf is heavily wounded.
The wolf closely misses you. The wolf bites you but does no damage.
You miss the wolf.
Your tail-slap misses the wolf.
The wolf is heavily wounded.
The wolf bites you but does no damage.
Grum hits you from afar with a -1 halberd!!
* * * LOW HITPOINT WARNING * * *
The wolf closely misses you.
Grum hits you from afar with a -1 halberd.
* * * LOW HITPOINT WARNING * * *
You are too injured to fight recklessly!
You are too injured to fight recklessly!
You are too injured to fight recklessly!
You are too injured to fight recklessly!
You are too injured to fight recklessly!
You are too injured to fight recklessly!
You are too injured to fight recklessly!
You are too injured to fight recklessly!
You are too injured to fight recklessly!
You are too injured to fight recklessly!
Casting: Stone Arrow (safe; 1% risk of failure)
Confirm with . or Enter, or press ? or * to list all spells.
Aiming: Stone Arrow (safe; 1% risk of failure)
Press: ? - help, Shift-Dir - straight line, f - wolf
Aim: a wolf (heavily wounded, 57% to hit)
The stone arrow misses the wolf.
The stone arrow hits Grum!!
Grum is heavily wounded.
The wolf bites you but does no damage.
Grum hits you from afar with a -1 halberd!!
You die...

##################
.................#
.###############@# .# #######h#
.#########.....#g################
................hh............(..
.#########.###.#.................
.#### #.###.#..#######........
....# #...#.#..#######.#.#####
....########.#.#..........#..#
.....{@.o.<....#..........##.#


You could see Grum and 3 wolves.

Vanquished Creatures
  Maurice (D:8)
  Psyche (D:8)
  Sigmund (D:6)
  Edmund (D:4)
  A water moccasin (D:6)
  A hornet zombie (D:4)
  3 sky beasts
  An orc warrior (D:8)
  An ice beast (D:5)
  2 black bears
  A necrophage (D:5)
  3 ogres
  A centaur (D:6)
  A phantom (D:4)
  Blork the orc (D:5)
  A bullfrog (D:6)
  A water moccasin zombie (D:5)
  4 scorpions
  A wyvern skeleton (D:7)
  A killer bee (D:4)
  A howler monkey (D:4)
  A centaur zombie (D:7)
  A bullfrog zombie (D:5)
  5 hounds
  Crazy Yiuf (D:5)
  3 bullfrog skeletons
  A centaur skeleton (D:5)
  A gnoll shaman (D:7)
  6 iguanas
  3 orc wizards
  A hound zombie (D:5)
  7 gnolls
  7 adders
  2 dart slugs
  11 orcs
  7 ball pythons
  9 bats
  7 endoplasms
  4 giant cockroaches
  7 goblins
  4 hobgoblins
  A jackal (D:5)
  3 quokkas
  6 frilled lizards
  6 kobolds
  5 rats
138 creatures vanquished.

Notes
Turn   | Place    | Note
-------+----------+-------------------------------------------
     0 | D:1      | tardwrangler69 the Draconian Earth Elementalist began the
                  | quest for the Orb.
     0 | D:1      | Reached XP level 1. HP: 14/14 MP: 3/3
   378 | D:1      | Found a faded altar of an unknown god.
   628 | D:1      | Reached XP level 2. HP: 14/20 MP: 5/5
  2350 | D:2      | Reached XP level 3. HP: 26/26 MP: 3/6
  2509 | D:2      | Reached skill level 4 in Earth Magic
  3075 | D:2      | Found a burning altar of Makhleb.
  3470 | D:3      | Found an opulent altar of Gozag.
  3540 | D:3      | Reached XP level 4. HP: 33/33 MP: 8/8
  3558 | D:3      | Found a white marble altar of Elyvilon.
  4174 | D:4      | Found Riwkec's Distillery.
  4175 | D:4      | Noticed a phantom
  4184 | D:4      | Killed a phantom
  4185 | D:4      | Reached skill level 5 in Earth Magic
  4185 | D:4      | Reached XP level 5. HP: 38/38 MP: 3/9
  4238 | D:4      | Bought a potion of heal wounds for 70 gold pieces
  4487 | D:4      | Reached XP level 6. HP: 45/45 MP: 11/11
  4501 | D:4      | Reached skill level 6 in Earth Magic
  4655 | D:4      | Found a broken altar of Ashenzari.
  4658 | D:4      | Noticed Edmund
  4795 | D:4      | HP: 3/67 [poisoned by a killer bee]
  5129 | D:4      | Noticed an orc warrior
  5150 | D:4      | Learned a level 3 spell: Stone Arrow
  5204 | D:4      | Killed Edmund
  5246 | D:4      | Your scales start taking on a lurid green colour.
  5246 | D:4      | Reached XP level 7. HP: 50/50 MP: 9/13
  5246 | D:4      | Gained mutation: Your system is resistant to poisons.
                  | (rPois) [Green Draconian growth]
  5374 | D:5      | Entered Level 5 of the Dungeon
  5389 | D:5      | Found an iron altar of Okawaru.
  5528 | D:5      | Found a runed translucent door.
  5529 | D:5      | Noticed Crazy Yiuf
  5583 | D:5      | Reached skill level 7 in Earth Magic
  6580 | D:5      | Noticed Blork the orc
  6590 | D:5      | Killed Blork the orc
  6591 | D:5      | Reached skill level 5 in Spellcasting
  6591 | D:5      | Reached skill level 8 in Earth Magic
  6893 | D:5      | Reached skill level 1 in Conjurations
  7097 | D:4      | Reached XP level 8. HP: 37/48 MP: 8/15
  7250 | D:5      | Learned a level 5 spell: Lee's Rapid Deconstruction
  7590 | D:5      | Reached skill level 5 in Conjurations
  8205 | D:5      | Killed Crazy Yiuf
  8639 | D:6      | Noticed Sigmund
  8644 | D:6      | Killed Sigmund
  8645 | D:6      | Reached skill level 1 in Fighting
  8645 | D:6      | Reached XP level 9. HP: 64/64 MP: 9/16
 10503 | D:7      | Found a staircase to the Ecumenical Temple.
 10527 | Temple   | Entered the Ecumenical Temple
 10763 | Temple   | Became a worshipper of Sif Muna the Loreminder
 10957 | D:7      | Found a runed translucent gate.
 10957 | D:7      | Found a runed translucent gate.
 10957 | D:7      | Found a runed translucent gate.
 10960 | D:7      | Noticed bjtr's ghost (novice GnCj)
 11151 | D:7      | Found a radiant altar of Vehumet.
 11380 | D:8      | Noticed Psyche
 11389 | D:8      | Killed Psyche
 11390 | D:8      | Reached skill level 5 in Fighting
 11444 | D:8      | Noticed Harold
 11446 | D:8      | Reached skill level 5 in Dodging
 11765 | D:8      | Noticed Maurice
 11769 | D:8      | Killed Maurice
 11993 | D:8      | Noticed Grum
 12022 | D:8      | Slain by Grum

Illustrated notes

Levels and vault maps discovered:
D:1:      dpeg_cavernosity, layout_basic, basic_ecumenical_altar, minivault_25,
          minmay_pentomino_r2
D:2:      layout_basic, basic_altar
D:3:      layout_loops_ring, amcnicky_altar_gilded,
          nicolae_elyvilon_peaceful_grove, corexii_corridor_pit
D:4:      layout_basic, cheibrodos_ashenzari_chains, serial_shops, shop,
          minmay_small_thing, uniq_edmund
D:5:      minmay_octagon_keep, layout_layer_cave, okawaru_trees_1,
          uniq_blork_the_orc, uniq_crazy_yiuf_cottage
D:6:      layout_basic, palyth_stone_intersect, uniq_sigmund
D:7:      layout_basic, kennysheep_mini_moat, minmay_temple_entry_junction_2,
          serial_rivers, chequers_serial_rivers_small_3,
          chequers_serial_rivers_large_a, chequers_serial_rivers_micro_e,
          chequers_serial_rivers_micro_a, gammafunk_ghost_necromancy
D:8:      layout_basic, lemuel_doored_altar, lemuel_crystal_altar,
          kennysheep_windowed_goal, uniq_maurice, uniq_psyche, uniq_grum,
          uniq_harold
Temple:   nicolae_temple_figure_eight

Skill      XL: |  1  2  3  4  5  6  7  8  9 |
---------------+----------------------------+-----
Earth Magic    | 4 5 6 8 |  8.0
Spellcasting   | 3 4 5 |  5.0
Conjurations   | 1 7 |  7.0
Fighting       | 1 6 |  6.2
Dodging        | 2 5 |  5.6
Stealth        | |  1.7
Transmutations | |  1.0

Action                   |  1- 3 |  4- 6 |  7- 9 || total
-------------------------+-------+-------+-------++-------
Melee: Unarmed           |   117 |       |       ||   117
       Tailslap          |    18 |     6 |    45 ||    69
       Dagger            |    37 |       |       ||    37
       Whip              |    18 |    65 |   359 ||   442
 Cast: Sandblast         |    25 |    29 |    16 ||    70
       Stone Arrow       |       |       |    64 ||    64
       Lee's Rapid Decon |       |       |     2 ||     2
 Abil: Breathe Noxious F |       |       |     2 ||     2
  Use: Potion            |       |     4 |       ||     4
       Scroll            |       |    12 |       ||    12
 Stab: Sleeping          |     2 |     2 |     1 ||     5
Armor: Skin              |    61 |    22 |   216 ||   299
Dodge: Dodged            |   129 |    46 |   283 ||   458

Table legend: (Time is in decaauts)
 A = Elapsed time spent in this place.
 B = Non-inter-level travel time spent in this place.
 C = Inter-level travel time spent in this place.
 D = Time resting spent in this place.
 E = Time spent auto-exploring this place.
 F = Levels seen in this place.
 G = Mean time per level.
                   A        B        C        D        E       F      G
               +--------+--------+--------+--------+--------+-----+--------+
         Total |  12088 |  11776 |    312 |    629 |   9645 |   9 | 1343.1 |
       Dungeon |  11839 |  11567 |    272 |    629 |   9438 |   8 | 1479.9 |
        Temple |    248 |    208 |     40 |      0 |    207 |   1 |  248.0 |
               +--------+--------+--------+--------+--------+-----+--------+

Top non-repeatable levels by time:
     D:5: 2835 daAuts
     D:1: 2347 daAuts
     D:6: 1939 daAuts
     D:7: 1152 daAuts
     D:3: 1127 daAuts
     D:4: 1020 daAuts
     D:2: 972 daAuts
     D:8: 445 daAuts
  Temple: 248 daAuts
